[Event "*** Titled Tuesday Blitz"]
[Site "Chess.com"]
[Date "2020.12.29"]
[Round "8"]
[White "Storne89"]
[Black "Rsnr"]
[Result "0-1"]
[WhiteElo "2624"]
[BlackElo "2803"]
[TimeControl "180+1"]
[EndTime "11:28:35 PST"]
[Termination "Rsnr won by resignation"]

1. e4 c6 2. d4 d5 3. e5 Bf5 4. h4 Qb6 5. Nc3 h5 6. Bd3 Qxd4 7. Nf3 Qg4 8. O-O Bxd3 9. Qxd3 e6 10. Bg5 Nd7 11. Rfe1 Be7 12. Rad1 O-O-O 13. b3 Bxg5 14.
Nxg5 Nh6 15. g3 Rhf8 16. Qe3 Kb8 17. Rd4 Nf5 18. Rxg4 Nxe3 19. Rf4 Nf5 20. Na4 b5 21.
Nb2 Kb7 22. Nd3 Kb6 23. Rf3 c5 24. c3 g6 25. Nf4 a5 26. Rd3 Nb8 27. Ngxe6 fxe6 28.
Nxe6 Kc6 29. Nxf8 Rxf8 30. e6 Ne7 31. a4 b4 32. cxb4 axb4 33. Kg2 Na6 34. f3 Rf6 35. g4 Nc7 36. Rde3 Kd6 37. Kg3 Rxe6 38. Kf4 d4 39.
Rxe6+ Nxe6+ 40. Ke4 Nd5 41. a5 Nc3+ 42. Kd3 Nf4+ 43.
Kc4 d3 44. a6 d2 45. Ra1 d1=Q 46. Rxd1+ Nxd1 47. a7 Nd5 48. gxh5 gxh5 49. Kb5 Nc7+ 50. Kb6 Ne3 51. f4 Nf5 52. Kb7 Nxh4 0-1

[Event "*** Titled Tuesday Blitz"]
[Site "Chess.com"]
[Date "2020.12.29"]
[Round "8"]
[White "HeadShotRomanTest"]
[Black "queen_iryna"]
[Result "1-0"]
[WhiteElo "2184"]
[BlackElo "2310"]
[TimeControl "180+1"]
[EndTime "11:28:35 PST"]
[Termination "HeadShotRomanTest won by resignation"]

1. e4 d6 2. d4 Nf6 3. Nc3 e5 4. Nge2 Nc6 5. f3 Be7 6. Be3 O-O 7. Qd2 d5 8. dxe5 Nxe5 9. Ng3 dxe4 10. Ngxe4 Nxe4 11.
Nxe4 Bh4+ 12. Bf2 Bxf2+ 13. Nxf2 Qxd2+ 14. Kxd2 Rd8+ 15. Nd3 Bf5 16. Re1 Nxd3 17. Bxd3 c5 18. Kc3 Bxd3 19. cxd3 Rd7 20. Re3 Rad8 21. Rhe1 g6 22. Rd1 Kg7 23. Re5 b6 24. Re4 f5 25.
Re3 Kf6 26. f4 Rd4 27. g3 c4 28. Rf3 b5 29. a3 a5 30. Kc2 b4 31. axb4 axb4 32. Re3 R8d6 33. h4 Rc6 34. Kd2 b3 35. Ke2 cxd3+ 36. Rexd3 Rc2+ 37. R1d2 Re4+ 38. Kd1 Kg7 39.
Rxc2 bxc2+ 40. Kxc2 Kh6 41. b3 Kh5 42. Kc3 Kg4 43. b4 Re1 44. b5 Rb1 45. Kc4 Rb2 46. Rb3 Rc2+ 47. Kb4 Rc8 48. b6 h6 49. Kb5 g5 50. hxg5 hxg5 51. fxg5 Kxg5 52. Ka6 Ra8+ 53. Kb7 Rh8 54. Ka7 Kg4 55. b7 Rh7 56. Ka8 Rh8+ 57. b8=Q Rxb8+ 58. Kxb8 1-0

[Event "*** Titled Tuesday Blitz"]
[Site "Chess.com"]
[Date "2020.12.29"]
[Round "8"]
[White "jefferyx"]
[Black "PSvidler"]
[Result "1-0"]
[WhiteElo "2931"]
[BlackElo "2836"]
[TimeControl "180+1"]
[EndTime "11:28:36 PST"]
[Termination "jefferyx won by resignation"]

1. e4 c5 2. Nf3 d6 3. Bb5+ Nd7 4. d4 cxd4 5. Qxd4 a6 6. Bxd7+ Bxd7 7. Nc3 Rc8 8. e5 dxe5 9. Nxe5 f6 10. Qxd7+ Qxd7 11.
Nxd7 Kxd7 12. Be3 e5 13. O-O-O+ Ke6 14. f4 Nh6 15. fxe5 Ng4 16. Rhe1 fxe5 17. Bg1 Bd6 18.
Ne2 Rhd8 19. Nd4+ Kf7 20. Nf3 Kf6 21. h3 Nh6 22. Bb6 Bc7 23. Rxd8 Bxd8 24. Nxe5 Bxb6 25.
Nd7+ Kg5 26. Nxb6 Rc7 27. Nd5 Rf7 28. Kd2 Nf5 29. Re4 h5 30. c4 Ng3 31. h4+ Kf5 32.
Rf4+ Ke6 33. Ke3 Nf5+ 34. Kd3 g6 35. b4 b5 36. Re4+ Kd6 37. Ne3 bxc4+ 38. Nxc4+ Kc7 39.
Ne5 Rf6 40. a4 Rd6+ 41. Kc3 Ng3 42. Rc4+ Kb7 43. b5 axb5 44. axb5 Re6 45. Kd4 Nf5+ 46. Kd5 Rd6+ 47. Kc5 Re6 48. Nc6 Re2 49. Na5+ Ka7 50. b6+ Ka6 51. b7 Ka7 52. Rb4 Rc2+ 53. Kd5 Ne3+ 54.
Ke4 1-0

[Event "*** Titled Tuesday Blitz"]
[Site "Chess.com"]
[Date "2020.12.29"]
[Round "8"]
[White "Ural_bogatyr"]
[Black "maximnovik"]
[Result "1-0"]
[WhiteElo "2488"]
[BlackElo "2594"]
[TimeControl "180+1"]
[EndTime "11:28:36 PST"]
[Termination "Ural_bogatyr won by resignation"]

1. e4 c6 2. d4 d5 3. e5 Bf5 4. Ne2 e6 5. Ng3 Bg6 6. h4 h5 7.
Be2 Be7 8. Bxh5 Bxh5 9. Nxh5 g6 10. Nf4 Rxh4 11. Rxh4 Bxh4 12. g3 Be7 13. Qg4 c5 14.
dxc5 Nc6 15. Nd3 Bxc5 16. Nxc5 Qa5+ 17. b4 Nxb4 18. Nxb7 Nd3+ 19. Ke2 Qe1+ 20. Kxd3 Qxe5 21. Qa4+ Kf8 22. Qb4+ Ne7 23. Bb2 Qc7 24. Bf6 Re8 25. Nd6 Rb8 26. Nb5 Qd7 27. Qxe7+ Qxe7 28. Bxe7+ Kxe7 29. Nd4 e5 30. Ne2 Kd6 31. Nbc3 f5 32. Rb1 Rc8 33. Rb5 d4 34. Nd1 a6 35. Ra5 Rc6 36.
c3 dxc3 37. Ndxc3 e4+ 38. Kd4 Ke6 39. Nf4+ Kf6 40. Nfd5+ Kg5 41. Na4 Rc2 42. Nc5 Rxf2 43. Rxa6 Rd2+ 44. Ke5 Rg2 45. Nf4 Rxg3 46. Rxg6+ Kh4 47.
Rxg3 Kxg3 48. Nxe4+ fxe4 49. Kxe4 Kg4 50. a4 Kg5 51.
Ke5 1-0

[Event "*** Titled Tuesday Blitz"]
[Site "Chess.com"]
[Date "2020.12.29"]
[Round "8"]
[White "Titus369"]
[Black "Cambek64"]
[Result "1-0"]
[WhiteElo "2543"]
[BlackElo "2328"]
[TimeControl "180+1"]
[EndTime "11:28:36 PST"]
[Termination "Titus369 won on time"]

1. e4 e6 2. d4 d5 3. Nd2 c5 4.
Ngf3 Nc6 5. exd5 Qxd5 6. Bc4 Qd8 7. dxc5 Bxc5 8. O-O Nf6 9. c3 O-O 10. Qe2 a6 11. a4 Bd7 12. Rd1 Qc7 13. Ne4 Be7 14. Bg5 Nxe4 15. Qxe4 h6 16. Bxe7 Nxe7 17. Ne5 Bc6 18.
Nxc6 Nxc6 19. Bd3 g6 20. Qh4 Kg7 21. Re1 Rad8 22. Re3 Rd5 23. h3 Qe7 24. Qc4 Rfd8 25. Bf1 Rd2 26. b4 Qf6 27. Rf3 Ne5 28. Rxf6 Nxc4 29.
Rf3 Rd1 30. Rxd1 Rxd1 31. Rd3 Rxd3 32. Bxd3 Nb6 33. Bc2 Nd5 34. Be4 b6 35. Bxd5 exd5 36. f4 f5 37. Kf2 Kf6 38. Ke3 Ke6 39. Kd4 Kd6 40. c4 dxc4 41. Kxc4 Kc6 42. Kd4 b5 43. a5 Kd6 44. g3 g5 45. h4 gxh4 46. gxh4 h5 47.
Ke3 Ke6 48. Kd2 Kd7 49. Kc2 Kc6 50. Kc3 Kd7 51. Kd3 Kc6 52. Ke3 Kd7 53. Kd4 Kd6 54.
Kc3 Kc6 55. Kd2 Kd6 56. Ke2 Kc6 57. Kd2 Kd6 58. Ke3 Kc6 59. Ke2 Kd6 60. Kd2 Kc6 61.
Ke3 Kd6 62. Kd4 Kc6 63. Ke5 Kd7 64. Kxf5 Kd6 65. Kg6 1-0

[Event "*** Titled Tuesday Blitz"]
[Site "Chess.com"]
[Date "2020.12.29"]
[Round "8"]
[White "MumLookatMeNow"]
[Black "bogcsab"]
[Result "1-0"]
[WhiteElo "2524"]
[BlackElo "2124"]
[TimeControl "180+1"]
[EndTime "11:28:38 PST"]
[Termination "MumLookatMeNow won on time"]

1. e4 d6 2. d4 Nf6 3. Nc3 g6 4. Bg5 Bg7 5. f4 h6 6. Bxf6 Bxf6 7. e5 Bg7 8. Qf3 c5 9. O-O-O cxd4 10. Rxd4 Nc6 11.
Rd1 O-O 12. Bc4 Na5 13. Bd5 Qc7 14. exd6 exd6 15. Nge2 Bd7 16. h4 h5 17. Qd3 Rac8 18. Qxg6 Bg4 19. f5 Qe7 20. Rhf1 Qf6 21. Qxf6 Bxf6 22.
Bf3 Bxh4 23. Bxg4 hxg4 24. Rxd6 Rc6 25. Rd4 Rc4 26. Rxc4 Nxc4 27. b3 Ne3 28. Rf4 Bg5 29. Ra4 Nxg2+ 30. Kb2 Ne3 31. Ne4 Bh6 32. Nf6+ Kg7 33.
Nxg4 Nxg4 34. Rxg4+ Kf6 35. Rb4 b6 36. Rb5 Re8 37. Nc3 Re5 38. Nd5+ Kxf5 39. Ne7+ Ke6 40. Rxe5+ Kxe5 41. Nc6+ Kd5 42. Nxa7 f5 43. Nc8 f4 44. Nxb6+ Kc5 45. Na4+ Kb5 46. c4+ Kb4 47. a3+ Ka5 48. Nc5 f3 49. Ne4 1-0

[Event "*** Titled Tuesday Blitz"]
[Site "Chess.com"]
[Date "2020.12.29"]
[Round "8"]
[White "davidkalashian"]
[Black "ural58"]
[Result "1/2-1/2"]
[WhiteElo "2568"]
[BlackElo "2411"]
[TimeControl "180+1"]
[EndTime "11:28:38 PST"]
[Termination "Game drawn by repetition"]

1. e4 d5 2. exd5 Qxd5 3. Nc3 Qa5 4. d4 Nf6 5. Nf3 Nc6 6. Bb5 Ne4 7. Bxc6+ bxc6 8.
Bd2 Nxc3 9. Bxc3 Qd5 10. O-O Bg4 11. h3 Bxf3 12. Qxf3 Qxf3 13. gxf3 e6 14. Rfe1 Kd7 15. a4 Rb8 16. a5 Bb4 17. Ra4 Bxc3 18. bxc3 Rb5 19.
Kf1 Rhb8 20. Ke2 Rh5 21. Rh1 Rbb5 22. a6 c5 23. Rd1 Kc6 24. Rc4 Rb2 25. Kd2 Kb5 26.
Rxc5+ Rxc5 27. dxc5 Kxc5 28. Re1 Ra2 29. Re5+ Kd6 30. Rb5 Rxa6 31. Rb8 Ra5 32. Rd8+ Ke7 33. Rc8 Kd7 34. Rf8 Rf5 35. Ke3 a5 36. f4 g6 37.
f3 Kc6 38. Rb8 Rh5 39. Rf8 a4 40. Ra8 Kb5 41. Rb8+ Kc4 42. Rb4+ Kxc3 43. Rxa4 Kxc2 44. Rc4+ Kd1 45. Rxc7 Rf5 46. Rc4 h6 47. h4 h5 48.
Rc7 Rf6 49. Rc5 Rf5 50. Rc7 Rf6 51. Rc4 Rf5 52. Rc7 1/2-1/2

[Event "*** Titled Tuesday Blitz"]
[Site "Chess.com"]
[Date "2020.12.29"]
[Round "8"]
[White "Parhamov"]
[Black "louis198"]
[Result "1-0"]
[WhiteElo "2936"]
[BlackElo "2609"]
[TimeControl "180+1"]
[EndTime "11:28:39 PST"]
[Termination "Parhamov won by resignation"]

1. e4 e6 2. d4 d5 3. e5 c5 4. c3 Ne7 5. Nf3 Nec6 6. Bd3 b6 7. O-O Ba6 8. Bxa6 Nxa6 9. h4 Be7 10. h5 h6 11. a3 Nc7 12. b4 cxd4 13. cxd4 O-O 14.
Nc3 f5 15. Ne2 a5 16. bxa5 Nxa5 17. Nf4 Nc4 18. Ng6 Re8 19. a4 b5 20. Qc2 Qd7 21. a5 Rxa5 22. Rxa5 Nxa5 23. Bd2 Nc4 24. Ra1 Ba3 25.
Ne1 Ra8 26. Nd3 Qe8 27. Bc1 Bxc1 28. Qxc1 Rxa1 29. Qxa1 Qa8 30. Qb1 Qa3 31. Ngf4 Kf7 32. Qd1 Qa4 33. Qf3 Qa1+ 34. Kh2 Qxd4 35. Qg3 Nxe5 36.
Ne2 Qxd3 37. Qxe5 Ne8 38. f3 Qc2 39. Nf4 Qc6 40. g3 Qd6 41. Qc3 b4 42. Qc8 b3 43.
Qb7+ Qc7 44. Qxb3 Nf6 45. Qe3 e5 46. Ng6 e4 47. Qa3 Nd7 48. Qe7+ Kg8 49. Qe8+ 1-0

[Event "*** Titled Tuesday Blitz"]
[Site "Chess.com"]
[Date "2020.12.29"]
[Round "8"]
[White "A-S-00"]
[Black "tylityli"]
[Result "1/2-1/2"]
[WhiteElo "2276"]
[BlackElo "2359"]
[TimeControl "180+1"]
[EndTime "11:28:39 PST"]
[Termination "Game drawn by repetition"]

1. d4 Nf6 2. c4 e6 3. Nc3 Bb4 4. g3 Nc6 5. Bg2 d6 6. Nf3 O-O 7. O-O Bxc3 8. bxc3 e5 9. dxe5 dxe5 10. Qc2 Be6 11. c5 Qe7 12. a4 Rfd8 13. Ba3 Bd5 14. Qb2 Na5 15. Nd2 Bxg2 16. Kxg2 Qe6 17. Kg1 Rab8 18.
Bb4 Nc4 19. Nxc4 Qxc4 20. Rad1 c6 21. Ba5 Rd5 22. Bc7 Re8 23. Qxb7 Qxc5 24. c4 Rd4 25. Rc1 h5 26. Bb8 Rd7 27. Qb2 h4 28. Rfd1 hxg3 29. hxg3 Qb6 30. Qxb6 axb6 31. Rxd7 Nxd7 32. Bd6 Ra8 33. Ra1 f6 34. Bb4 Kf7 35. e4 Ke6 36. Kf1 g6 37. Ke2 f5 38. f3 Nf6 39. Ke3 Nd7 40.
a5 bxa5 41. Bxa5 Nc5 42. Bc3 Rxa1 43. Bxa1 Nd7 44. Bb2 Nf6 45. Ba3 Nd7 46. Bb4 Nb6 47.
Kd3 Nd7 48. Ke3 Nf6 49. Ba3 Nd7 50. Bb4 1/2-1/2

[Event "*** Titled Tuesday Blitz"]
[Site "Chess.com"]
[Date "2020.12.29"]
[Round "8"]
[White "BulletMercenary"]
[Black "mshuaau0"]
[Result "1-0"]
[WhiteElo "2349"]
[BlackElo "2224"]
[TimeControl "180+1"]
[EndTime "11:28:39 PST"]
[Termination "BulletMercenary won on time"]

1. e4 e6 2. d4 c5 3. d5 e5 4. c4 d6 5. Nc3 f5 6. Bd3 f4 7. g3 fxg3 8. hxg3 Nf6 9. Bg5 Be7 10. f4 Bg4 11. Qb3 Nh5 12. Qxb7 Nd7 13. Bxe7 Kxe7 14. Rh4 Nf6 15. fxe5 dxe5 16. b3 h5 17. Qa6 Qb6 18.
Qxb6 axb6 19. Kd2 g5 20. Rh2 h4 21. gxh4 Rxh4 22. Rxh4 gxh4 23. Be2 Rh8 24. Bxg4 Nxg4 25. Nh3 Ngf6 26. Rg1 Rg8 27. Rxg8 Nxg8 28. Ke3 Ngf6 29. Kf3 Nb8 30. Na4 Nbd7 31. Nf2 Kd6 32. Ng4 Nh5 33. Ne3 Nf4 34. Nf5+ Kc7 35. Nxh4 Nd3 36. Nc3 Nb8 37.
Ng6 Na6 38. Ke3 Nc1 39. Nxe5 Nb4 40. a4 Nxb3 41. Nd3 Nc2+ 42. Kf4 Ncd4 43. e5 Kd7 44. Ke4 Nc2 45. e6+ Kd6 46. Nb5+ Ke7 47. Ne5 Ncd4 48. Nc6+ Nxc6 49. dxc6 1-0

[Event "*** Titled Tuesday Blitz"]
[Site "Chess.com"]
[Date "2020.12.29"]
[Round "8"]
[White "MPGM"]
[Black "mishanick"]
[Result "0-1"]
[WhiteElo "2707"]
[BlackElo "2968"]
[TimeControl "180+1"]
[EndTime "11:28:40 PST"]
[Termination "mishanick won on time"]

1. d4 Nf6 2. c4 e6 3. Nc3 d5 4. cxd5 exd5 5. Bg5 Be7 6. e3 c6 7. Bd3 Bg4 8. Qc2 Nbd7 9. Nge2 h6 10. Bh4 O-O 11.
f3 Be6 12. O-O Re8 13. Rad1 Nf8 14. Bf2 Qa5 15. h3 Rad8 16. e4 dxe4 17. fxe4 Qg5 18. Ng3 Nh5 19. Nxh5 Qxh5 20. e5 Bh4 21. Ne4 Bxf2+ 22.
Qxf2 Ng6 23. Nd6 Rf8 24. Nxb7 Rb8 25. Nc5 Qg5 26. Ne4 Qe7 27. b3 Rb4 28. Bc2 a5 29. Nd6 Nh4 30. Kh2 Bd5 31. Nf5 Nxf5 32. Qxf5 g6 33. Qf4 Kg7 34. Rf2 Rd8 35. Rdf1 Be6 36.
Qf6+ Qxf6 37. Rxf6 Re8 38. Rd1 g5 39. Be4 Rd8 40. Bxc6 Rdxd4 41. Rxd4 Rxd4 42. Rf2 h5 43. g3 Rd3 44. Re2 h4 45. Rg2 Kh6 46. Be4 Re3 47.
Bc2 Rxe5 48. gxh4 gxh4 49. Rf2 Kg5 50. Rg2+ Kf4 51. Rf2+ Ke3 52. Rg2 Rc5 53. a3 Rc3 54. b4 Bd5 0-1

[Event "*** Titled Tuesday Blitz"]
[Site "Chess.com"]
[Date "2020.12.29"]
[Round "8"]
[White "Macron20hTF1"]
[Black "swisspower96"]
[Result "0-1"]
[WhiteElo "2492"]
[BlackElo "2672"]
[TimeControl "180+1"]
[EndTime "11:28:42 PST"]
[Termination "swisspower96 won by resignation"]

1. g3 d5 2. Bg2 e5 3. d3 Nc6 4. a3 Be6 5. b4 Bd6 6. Nd2 f5 7. c4 Nf6 8. Bb2 O-O 9. Qc2 Re8 10.
c5 Bf8 11. b5 Nd4 12. Bxd4 exd4 13. Ngf3 Nd7 14. Nb3 Qf6 15. O-O Bf7 16. Rac1 b6 17. c6 Ne5 18. a4 Nxf3+ 19. Bxf3 a5 20. Qb2 Bd6 21. Nxd4 f4 22. e3 fxe3 23. fxe3 Qe5 24. Rce1 h5 25. Qg2 Rad8 26. Bd1 Bg6 27. Bb3 Bb4 28.
Re2 Bxd3 29. Nf3 Qe7 30. Kh1 Bxe2 31. Qxe2 Qxe3 32. Qc2 Qe2 33. Qxe2 Rxe2 34. Nd4 Re3 35. Ba2 Bc5 36. Nf5 Ree8 37. Rd1 g6 38. Bxd5+ Rxd5 39. Rxd5 gxf5 40. Rxf5 Re4 41. Rxh5 Rxa4 42. Rd5 Rb4 43. Rd8+ Kf7 44. Rd7+ Ke6 45. Rxc7 Rxb5 46. Rd7 Bd6 47. Rd8 Rc5 48. h4 Rxc6 49. h5 Bxg3 50. h6 Be5 51. h7 Kf5 52. Rf8+ Ke4 53. Re8 Rh6+ 54. Kg2 Rxh7 0-1

[Event "*** Titled Tuesday Blitz"]
[Site "Chess.com"]
[Date "2020.12.29"]
[Round "8"]
[White "StellarChessPro"]
[Black "ZiggyStardust64"]
[Result "1-0"]
[WhiteElo "2507"]
[BlackElo "2670"]
[TimeControl "180+1"]
[EndTime "11:28:42 PST"]
[Termination "StellarChessPro won by resignation"]

1. b3 b6 2. Bb2 Bb7 3. Nf3 Nf6 4. g3 g6 5. Bg2 Bg7 6. O-O O-O 7. d3 c5 8. e4 d6 9. Nbd2 Nc6 10. Re1 Nd7 11. Bxg7 Kxg7 12. h4 e6 13. Nc4 Qe7 14. h5 Nde5 15.
Nfxe5 Nxe5 16. hxg6 hxg6 17. f4 Nxc4 18. dxc4 Rad8 19.
Qd2 Rh8 20. Rad1 Qf6 21. Re3 b5 22. cxb5 d5 23. exd5 exd5 24. Re5 Qb6 25. Qf2 d4 26. a4 a6 27. bxa6 Bxa6 28. f5 Rd6 29. Rde1 Rf6 30. g4 Bc8 31. Qf4 c4 32. a5 Qd6 33.
g5 Bxf5 34. gxf6+ Qxf6 35. Qxd4 Rh4 36. Qf2 Rg4 37. Rxf5 gxf5 38. Re3 Qa1+ 39. Qe1 Qd4 40. Kf1 c3 41. a6 Qa7 42. Qe2 Rf4+ 43. Bf3 Rh4 44.
Qg2+ Kf6 45. Rxc3 Rd4 46. Rc6+ Ke7 47. Qe2+ Kf8 48. Rc8+ Kg7 49. Qg2+ Kf6 50. Qf2 Rd7 51. Qxa7 Rxa7 52. Bb7 Ke5 53. Ra8 Rxa8 54. Bxa8 Kd6 55.
a7 1-0

[Event "*** Titled Tuesday Blitz"]
[Site "Chess.com"]
[Date "2020.12.29"]
[Round "8"]
[White "kai_nov"]
[Black "Chernobay_Artem"]
[Result "0-1"]
[WhiteElo "2378"]
[BlackElo "2622"]
[TimeControl "180+1"]
[EndTime "11:28:43 PST"]
[Termination "Chernobay_Artem won by checkmate"]

1. d4 Nf6 2. c4 c6 3. Nf3 d5 4. e3 Bg4 5. Qb3 Qb6 6. Ne5 Bf5 7.
Nc3 e6 8. Bd3 Bxd3 9. Nxd3 Nbd7 10. cxd5 exd5 11. Bd2 Bd6 12. Qxb6 axb6 13. f3 O-O 14. Kf2 Rfe8 15. Ne2 b5 16. b3 Ra6 17. Bb4 Bc7 18. Rhc1 Rea8 19. Rc2 h5 20. g3 g6 21. h4 Kg7 22. Nef4 Ne8 23. e4 dxe4 24. fxe4 Ndf6 25. Kf3 Ng4 26. d5 Bd6 27. Bc3+ Kg8 28. e5 Bf8 29. d6 Rd8 30. Rd1 Ng7 31. Nc5 Ra7 32. e6 Rxd6 33. Rxd6 Bxd6 34. Bxg7 Kxg7 35. Ne4 Bxf4 36. gxf4 fxe6 37. Ng5 Kf6 38. Re2 e5 39. fxe5+ Nxe5+ 40. Ke4 Ng4 41. Rd2 Ke7 42. Re2 Ra8 43. Kd4+ Kd6 44. Re6+ Kc7 45. Rxg6 Rxa2 46. Kc5 Rc2+ 47.
Kb4 Kb6 48. Rg7 Ne3 49. Ne6 Nd5+ 50. Ka3 b4+ 51. Ka4 Ra2# 0-1

[Event "*** Titled Tuesday Blitz"]
[Site "Chess.com"]
[Date "2020.12.29"]
[Round "8"]
[White "Bigfish1995"]
[Black "Grandelicious"]
[Result "1/2-1/2"]
[WhiteElo "3012"]
[BlackElo "2883"]
[TimeControl "180+1"]
[EndTime "11:28:44 PST"]
[Termination "Game drawn by repetition"]

1. e4 c6 2. d4 d6 3. Nc3 Nf6 4.
Be2 e5 5. dxe5 dxe5 6. Qxd8+ Kxd8 7. Nf3 Bd6 8. Bg5 Ke7 9. O-O-O Be6 10. Nh4 Nd7 11.
Nf5+ Bxf5 12. exf5 h6 13. Bh4 Rhd8 14. Ne4 Bc7 15.
Rhe1 Kf8 16. Bd3 Re8 17. f3 Nxe4 18. Rxe4 Nc5 19. Rc4 Nxd3+ 20. Rxd3 f6 21. Bf2 Red8 22. Rb3 Bb6 23. Bxb6 axb6 24. Rxb6 Rxa2 25. c3 Rd7 26. Rcb4 Ra7 27. Kc2 Ke8 28. Rg4 Ra1 29. Rgb4 Ra7 30. f4 exf4 31. Rxf4 Kd8 32. Rbb4 Ra5 33. Rbe4 Rad5 34. Re2 b5 35. g4 Kc7 36. Rfe4 Rd1 37. Kb3 Rg1 38. h3 Rh1 39. R4e3 Rhd1 40. Kc2 Rh1 41. Rd2 Rxd2+ 42. Kxd2 Kd7 43. b4 Rf1 44.
Ke2 Rf4 45. Rd3+ Ke7 46. Re3+ Kd7 47. Rd3+ Ke7 48. Ke3 Rc4 49. Kd2 Rf4 50. Re3+ Kd7 51. Ke2 Kd8 52. Rd3+ Ke7 1/2-1/2

[Event "*** Titled Tuesday Blitz"]
[Site "Chess.com"]
[Date "2020.12.29"]
[Round "8"]
[White "gmcorrales"]
[Black "skoularikii"]
[Result "0-1"]
[WhiteElo "2765"]
[BlackElo "2624"]
[TimeControl "180+1"]
[EndTime "11:28:44 PST"]
[Termination "skoularikii won on time"]

1. e4 e5 2. Nf3 Nc6 3. d4 exd4 4.
Nxd4 Bc5 5. Nb3 Bb6 6. Nc3 Nge7 7.
Qe2 O-O 8. Be3 f5 9. O-O-O fxe4 10. Bxb6 axb6 11. Qxe4 d6 12. f4 Bf5 13. Bc4+ Kh8 14.
Qe2 Qd7 15. Qd2 Na5 16. Nxa5 bxa5 17. h3 Be6 18. Bxe6 Qxe6 19. g4 Qh6 20. Rdf1 g6 21.
h4 Rae8 22. h5 Qg7 23. hxg6 Nxg6 24. f5 Ne5 25. g5 Nc4 26. Qf4 Ne3 27. f6 Qg6 28. Rf2 Re5 29. Rfh2 Kg8 30. Qh4 Rf7 31. Qf2 Ng4 32. Qd2 Nxh2 33. Qxh2 Qxg5+ 34. Kb1 Kh8 35. a4 Qxf6 36. Qg2 Qf3 37. Qg1 Ref5 38. Qc1 d5 39. Re1 d4 40. Nb5 Qf4 41. Qd1 Re5 42. Rg1 Rd5 43. Qd3 Qf5 44. Qc4 d3 45. Qc3+ Qf6 46. Qd2 dxc2+ 47. Qxc2 c6 48. Nc3 Rf5 49. Ka2 Qe6+ 50. Ka3 Qe7+ 51. Ka2 Qe6+ 52. Ka3 Rf2 53. Qd3 Qe7+ 54. Ka2 Rg7 55. Rd1 Qb4 56. Qb1 Qxc3 0-1

[Event "*** Titled Tuesday Blitz"]
[Site "Chess.com"]
[Date "2020.12.29"]
[Round "8"]
[White "GameOverBro"]
[Black "paulrusan"]
[Result "0-1"]
[WhiteElo "2457"]
[BlackElo "2270"]
[TimeControl "180+1"]
[EndTime "11:28:44 PST"]
[Termination "paulrusan won on time"]

1. e4 g6 2. Nc3 Bg7 3. Nge2 c5 4. d4 cxd4 5. Nxd4 Nc6 6. Nde2 Nf6 7. g3 O-O 8. Bg2 d6 9. O-O Bd7 10. Re1 a5 11. h3 a4 12. a3 Qa5 13. Nd5 Rfe8 14. Bd2 Qd8 15. Bc3 Nxd5 16. exd5 Na5 17. Bxg7 Kxg7 18.
Qd4+ Kg8 19. Nc3 Rc8 20. Bf1 Qc7 21. Re3 Qc5 22. Qf4 Nc4 23. Bxc4 Qxc4 24. Re4 Qc5 25. Rae1 e5 26. dxe6 fxe6 27. h4 d5 28. Re5 Qf8 29.
Qg5 Rxc3 30. bxc3 Rc8 31. h5 Kg7 32. R5e3 Qf6 33. h6+ Kf7 34. Qg4 Kg8 35. Rf3 Qe7 36. Re5 Rc4 37. Rf4 Rxc3 38. Rb4 b5 39. Rg5 Rc4 40.
Rxc4 bxc4 41. Qd4 Kf7 42. Rg4 Ke8 43. Rf4 e5 44. Qb6 exf4 45. Qb8+ Qd8 46. Qe5+ Qe7 47.
Qb8+ Kf7 48. Qxf4+ Qf6 49. Qc7 Qe6 50. Kh2 g5 51. Qd8 Qh3+ 52. Kg1 Kg6 53. Qe7 Kxh6 54. Qf6+ Kh5 0-1

[Event "*** Titled Tuesday Blitz"]
[Site "Chess.com"]
[Date "2020.12.29"]
[Round "8"]
[White "northridgehawk"]
[Black "RobPeresian"]
[Result "0-1"]
[WhiteElo "2321"]
[BlackElo "2446"]
[TimeControl "180+1"]
[EndTime "11:28:45 PST"]
[Termination "RobPeresian won by checkmate"]

1. e4 e5 2. Nf3 Nc6 3. Bb5 a6 4. Ba4 Nf6 5. d3 b5 6. Bb3 Bc5 7. O-O d6 8. a3 h6 9. Nc3 O-O 10.
Nd5 Bg4 11. c3 Rb8 12. h3 Bh5 13. g4 Bg6 14. Kg2 Nxd5 15. Bxd5 Ne7 16. Ba2 Kh8 17. b4 Bb6 18. Nh4 Bh7 19. f4 exf4 20. Bxf4 g5 21. Qd2 gxf4 22. Qxf4 Ng6 23. Nxg6+ fxg6 24. Qxh6 Qe7 25. g5 Qg7 26. Qxg7+ Kxg7 27. d4 Bg8 28. Bb1 Be6 29. Bd3 c6 30. Rae1 Rh8 31. Rf3 Rbf8 32. Ref1 Rxf3 33. Rxf3 d5 34. e5 Bd8 35. Rg3 Rh5 36.
h4 Rxh4 37. a4 Rh5 38. axb5 axb5 39. Rf3 Rxg5+ 40. Kf2 Bf5 41. Bf1 Be4 42. Rh3 Rf5+ 43. Ke2 Bg5 44. Rh2 Bf4 45. Rf2 g5 46. Bh3 Rf8 47. Be6 Rh8 48. Bd7 Rh2 49. Bxc6 g4 50. Bxb5 g3 51. Rxh2 gxh2 52. c4 h1=Q 53. cxd5 Qf3+ 54.
Ke1 Bxd5 55. Be2 Qe4 56. Kf2 Qxd4+ 57. Kf1 Bxe5 58. b5 Bc4 59. b6 Bxe2+ 60. Kxe2 Qb2+ 61. Kf3 Qxb6 62. Ke4 Qd4+ 63. Kf5 Bd6 64. Kg5 Bb4 65. Kh5 Qe5+ 66. Kh4 Qf4+ 67. Kh3 Qg5 68. Kh2 Be1 69. Kh1 Bf2 70. Kh2 Qg3+ 71. Kh1 Qh3# 0-1

[Event "*** Titled Tuesday Blitz"]
[Site "Chess.com"]
[Date "2020.12.29"]
[Round "8"]
[White "natelleka"]
[Black "malakismayil"]
[Result "0-1"]
[WhiteElo "2200"]
[BlackElo "2307"]
[TimeControl "180+1"]
[EndTime "11:28:45 PST"]
[Termination "malakismayil won on time"]

1. e4 e5 2. Nf3 Nc6 3. Bb5 Nf6 4. O-O d6 5. Re1 Be7 6. d4 exd4 7. Nxd4 Bd7 8. c3 Nxd4 9. Bxd7+ Nxd7 10. cxd4 O-O 11.
Nc3 Nb6 12. Qg4 Kh8 13. Bf4 Qc8 14. Qg3 Qe6 15. Rac1 a6 16. e5 d5 17. h3 c6 18.
Ne2 h6 19. Bd2 Nc4 20. Bc3 Qf5 21. b3 Nb6 22. Bd2 Rae8 23. Nf4 Bg5 24. Qf3 Bxf4 25. Bxf4 Nc8 26. Qe3 Qg6 27. Kh2 Ne7 28. b4 Nf5 29.
Qd3 Nh4 30. Qxg6 Nxg6 31. Bd2 Ne7 32. g4 Kg8 33. a4 Nc8 34. f4 Nb6 35. b5 axb5 36.
axb5 Nc4 37. Bb4 Ra8 38. Bxf8 Kxf8 39. bxc6 Ra2+ 40. Kg3 bxc6 41. e6 fxe6 42. Rxe6 Ra3+ 43. Kf2 Ra2+ 44. Re2 Ra3 45. Kg2 Ne3+ 46. Kh2 Nc4 47. Re6 Ra2+ 48. Kh1 Rd2 49. Rxc6 Rxd4 0-1

[Event "*** Titled Tuesday Blitz"]
[Site "Chess.com"]
[Date "2020.12.29"]
[Round "8"]
[White "Ave_Mariia"]
[Black "anon102030"]
[Result "0-1"]
[WhiteElo "2495"]
[BlackElo "2693"]
[TimeControl "180+1"]
[EndTime "11:28:46 PST"]
[Termination "anon102030 won by resignation"]

1. d4 Nf6 2. c4 e5 3. dxe5 Ng4 4. Bf4 Nc6 5. Nf3 Bb4+ 6. Nbd2 Qe7 7. e3 Ngxe5 8. Be2 O-O 9. O-O d6 10. a3 Bxd2 11.
Qxd2 Nxf3+ 12. Bxf3 Ne5 13. Be2 Be6 14. Rac1 b6 15. b4 Rad8 16. Qc3 Nd7 17. Bf3 f5 18. h3 g5 19. Bh2 Qg7 20. Qxg7+ Kxg7 21. h4 h6 22. Rfd1 Kg6 23. a4 Bf7 24. a5 bxa5 25. bxa5 Nc5 26. hxg5 hxg5 27. g4 Be6 28. gxf5+ Bxf5 29.
Kg2 Rb8 30. Rd4 Rb2 31. Rcd1 Ra2 32. e4 Bh3+ 33. Kxh3 Rxf3+ 34. Bg3 Raxf2 35. Kg4 Nd7 36. e5 Nxe5+ 37. Bxe5 dxe5 38. Rd8 Rf4+ 39. Kg3 R2f3+ 40.
Kg2 Rc3 41. Rg8+ Kf5 42. Rf8+ Kg4 43. Re8 e4 44. Re1 Rc2+ 45. Kg1 Rxc4 46. Re5 a6 47.
Rd5 Rc3 48. Kh1 Rh3+ 49. Kg1 Rg3+ 50. Kh1 Kh5 51. Re2 Rh4+ 52. Rh2 Rxh2+ 53. Kxh2 Ra3 54.
Rc5 Kg4 55. Rxc7 Rxa5 56. Rc4 Kf3 0-1

[Event "*** Titled Tuesday Blitz"]
[Site "Chess.com"]
[Date "2020.12.29"]
[Round "8"]
[White "kleopl"]
[Black "AliKa2810"]
[Result "0-1"]
[WhiteElo "2470"]
[BlackElo "2606"]
[TimeControl "180+1"]
[EndTime "11:28:46 PST"]
[Termination "AliKa2810 won on time"]

1. c4 Nf6 2. Nc3 g6 3. g3 Bg7 4. Bg2 O-O 5. e4 d6 6. Nge2 e5 7. O-O Nc6 8. h3 Nh5 9. d3 f5 10. exf5 gxf5 11. Nd5 Kh8 12. b4 f4 13. Nec3 Nf6 14.
Bb2 Bf5 15. b5 Nxd5 16. Nxd5 Ne7 17. gxf4 Nxd5 18. cxd5 Qh4 19. Qf3 exf4 20. Bxg7+ Kxg7 21. Rac1 Rf7 22. Rc4 Bg6 23. Rfc1 Bh5 24. Qe4 Qg5 25. h4 Qxh4 26. Rxc7 Rf8 27. Rxf7+ Rxf7 28. Qd4+ Qf6 29. Qxf6+ Kxf6 30. d4 Be2 31. Bf1 Rg7+ 32. Kh2 Bf3 33. Rc8 Bxd5 34. Rf8+ Ke7 35. Rxf4 Bxa2 36.
Bg2 Ke6 37. Be4 Bd5 38. Bf5+ Ke7 39. Rh4 Rf7 40. Rxh7 Rxh7+ 41. Bxh7 Bc4 42. Be4 b6 43. Bc6 Kf6 44. Kg3 a5 45. bxa6 Bxa6 46. Kf4 Bc4 47. Ke3 b5 48. Kd2 b4 49. Kc2 Kf5 50. Kd2 Kf4 51. Kc2 d5 52. Kd2 Ke4 53. f4 Kxf4 0-1